Map: Lightshade LE

Players

MaSa

  • Race: Terran Terran

Semper - Winner!

  • Race: Terran Terran

Event: DreamHack SC2 Masters 2021 Winter

VOD

Have the link to the VOD?

Description

Time

  • Played on: Oct. 5, 2021, 7:40 p.m.
  • Length: 21:41

All games in this series

Show
View Real Time Build Order
Export as new Build Order

MaSa Terran 

Build Orders:  

Get SALT Encoding   

  12  0:00  SCV  
  13  0:12  SCV  
  14  0:17  Supply Depot  
  14  0:24  SCV  
  15  0:38  SCV  
  15  0:40  Barracks  
  16  0:43  Refinery  
  16  0:47  Refinery  
  16  0:51  SCV  
  17  1:03  SCV  
  18  1:16  SCV  
  19  1:27  Reaper  
  19  1:28  Orbital Command  
  19  1:29  Supply Depot  
  20  1:39  Factory  
  20  1:53  SCV  
  21  1:59  Reaper  
  22  2:06  SCV  
  23  2:16  Command Center  
  23  2:21  SCV  
  24  2:23  Hellion  
  26  2:31  Barracks Reactor  
  26  2:33  SCV  
  27  2:37  Starport  
  27  2:45  Widow Mine, SCV  
  27  2:49  Supply Depot  
  30  2:57  SCV  
  31  3:06  Factory Tech Lab  
  31  3:11  SCV, Marine x2  
  34  3:16  Starport Tech Lab  
  34  3:18  Refinery  
  34  3:23  SCV  
  34  3:24  Cyclone  
  38  3:30  Marine x2  
  40  3:36  Orbital Command  
  40  3:44  SCV  
  39  3:52  Marine x2  
  39  3:53  Raven  
  39  3:56  SCV  
  40  4:08  SCV  
  38  4:11  SCV  
  38  4:15  Starport, Marine x2  
  41  4:20  SCV  
  41  4:23  SCV  
  43  4:27  Siege Tank  
  43  4:28  Refinery  
  46  4:33  SCV, Marine x2  
  49  4:39  SCV  
  49  4:44  Supply Depot  
  50  4:46  SCV  
  50  4:51  Raven  
  53  4:53  SCV  
  53  4:54  Supply Depot  
  54  5:02  Supply Depot  
  54  5:05  SCV x2, Marine x2  
  54  5:06  Viking  
  60  5:12  Supply Depot  
  60  5:17  SCV  
  60  5:18  SCV, Siege Tank  
  65  5:29  SCV  
  65  5:30  Supply Depot, SCV  
  67  5:35  Viking  
  67  5:41  Marine  
  67  5:42  SCV  
  71  5:45  Viking  
  71  5:46  Viking  
  71  5:47  SCV  
  76  5:50  Siege Tank  
  76  5:54  SCV, Stimpack  
  80  5:59  SCV  
  81  6:06  SCV  
  81  6:07  Liberator  
  81  6:11  SCV  
  86  6:15  Viking  
  86  6:16  Marine  
  86  6:18  SCV  
  90  6:20  Viking  
  92  6:28  SCV  
  93  6:37  SCV  
  94  6:47  Viking  
  94  6:50  SCV  
  94  6:51  Supply Depot  
  94  6:54  Viking  
  94  6:55  Command Center  
  94  6:56  Viking  
  94  6:57  SCV  
  99  7:06  SCV  
  100  7:14  SCV  
  101  7:17  Viking  
  92  7:24  Viking  
  92  7:26  Viking  
  92  7:27  SCV  
  94  7:30  Siege Tank  
  94  7:33  SCV  
  98  7:38  Combat Shield, Marine  
  98  7:39  SCV  
  98  7:40  Barracks  
  98  7:41  Barracks  
  100  7:45  SCV  
  100  7:47  Viking  
  100  7:51  SCV  
  104  7:54  Viking  
  104  7:56  Viking, Marine  
  104  7:58  SCV  
  110  8:03  SCV  
  107  8:09  Orbital Command  
  107  8:14  Marine  
  107  8:17  Siege Tank, Viking  
  107  8:18  SCV x2  
  115  8:24  Liberator  
  118  8:30  SCV  
  118  8:32  Marine  
  114  8:39  SCV  
  113  8:44  Orbital Command  
  113  8:45  Liberator  
  113  8:47  Barracks Reactor  
  116  8:49  Siege Tank  
  116  8:51  Barracks Reactor  
  116  8:53  Refinery, Barracks  
  116  8:54  Barracks  
  116  8:55  Refinery  
  118  9:02  Command Center  
  118  9:06  SCV, Marine  
  114  9:12  Medivac  
  114  9:13  Medivac  
  118  9:19  SCV  
  118  9:21  Engineering Bay  
  118  9:22  Engineering Bay  
  119  9:24  Marine  
  119  9:26  SCV x2  
  119  9:28  Marine x3  
  125  9:32  Supply Depot  
  125  9:33  Marine  
  125  9:34  Supply Depot  
  126  9:39  SCV x2  
  126  9:42  Marine  
  129  9:45  Barracks Reactor  
  129  9:46  Barracks Reactor, Viking, Marine x2  
  129  9:49  Terran Infantry Weapons Level 1, Terran Infantry Armor Level 1  
  133  9:54  Marine x2  
  133  9:56  Sensor Tower  
  135  10:03  Liberator  
  135  10:05  Marine x3  
  140  10:12  Marine x2  
  142  10:20  Viking  
  143  10:23  Marine x3  
  143  10:24  SCV  
  143  10:25  SCV  
  143  10:28  Planetary Fortress  
  145  10:30  Marine x2  
  145  10:34  Marine x3  
  150  10:39  Siege Tank  
  150  10:40  Marine  
  150  10:41  Marine x3  
  154  10:47  Marine x2, Armory  
  153  10:51  Factory  
  153  10:52  Marine x2  
  153  10:55  Marine  
  149  10:58  Marine x2  
  149  10:59  Marine  
  149  11:00  SCV  
  149  11:03  Marine  
  147  11:07  Marine  
  147  11:08  Marine  
  147  11:10  Marine  
  147  11:11  Liberator, Siege Tank  
  153  11:17  Liberator, Viking  
  153  11:26  Marine x4  
  153  11:27  Marine x2  
  153  11:32  SCV  
  159  11:38  Marine x3  
  145  11:43  Siege Tank  
  145  11:44  Marine  
  145  11:45  Marine  
  145  11:46  Marine  
  131  11:47  Viking  
  131  11:51  SCV x2  
  109  11:55  Marine x2  
  109  11:56  Viking, Marine x2  
  109  11:59  Marine  
  116  12:03  Marine x2  
  116  12:04  SCV  
  116  12:07  SCV  
  120  12:20  SCV  
  120  12:21  Terran Infantry Weapons Level 2, SCV x2, Terran Infantry Armor Level 2  
  118  12:26  Marine x3  
  118  12:29  Viking x2  
  125  12:32  Marine x3  
  125  12:33  Marine x2  
  125  12:35  SCV  
  125  12:36  SCV x2  
  129  12:45  Siege Tank, Marine x2  
  129  12:47  Marine x2  
  129  12:48  SCV, Factory Tech Lab  
  136  12:51  Marine x3  
  136  12:53  Marine  
  136  12:54  Marine  
  136  12:57  SCV  
  142  13:00  SCV  
  142  13:01  Medivac  
  142  13:03  Marine x2  
  142  13:05  Marine x2  
  147  13:09  SCV x2, Marine  
  147  13:11  SCV, Marine x3  
  147  13:12  SCV, Marine  
  158  13:17  Siege Tank  
  161  13:20  Marine x2  
  161  13:23  Marine  
  164  13:29  Supply Depot  
  164  13:30  Supply Depot x2  
  164  13:50  Viking x3, Marine x2  
  164  13:51  Siege Tank, Marine x2  
  174  13:56  Terran Vehicle Weapons Level 1  
  174  14:01  Marine x2  
  174  14:02  Marine x2  
  170  14:03  Siege Tank, Marine  
  170  14:08  Marine  
  173  14:11  Marine x3  
  174  14:18  SCV  
  174  14:19  Marine x2  
  174  14:20  Liberator, Viking, Marine  
  179  14:25  Marine x2  
  179  14:26  Marine  
  179  14:27  Siege Tank  
  185  14:34  Marine  
  185  14:35  Marine x2  
  185  14:38  Marine x3  
  181  14:39  Siege Tank  
  181  14:43  Marine  
  180  14:47  Marine x2  
  180  14:52  Marine x2  
  180  14:56  Viking x2  
  179  15:07  SCV x2, Marine x7  
  179  15:09  Refinery x2  
  179  15:11  Refinery, Command Center  
  179  15:12  Command Center  
  185  15:15  Terran Infantry Weapons Level 3  
  181  15:26  Medivac  
  163  15:39  Marine x4  
  162  15:49  Marine x3  
  144  15:50  Siege Tank, Marine x2  
  144  15:57  Siege Tank, Marine x4  
  131  16:06  Marine  
  131  16:07  Marine x2  
  131  16:08  Marine x2  
  134  16:12  Command Center  
  134  16:14  Marine x2  
  134  16:15  Marine x2  
  138  16:20  Viking x2  
  138  16:24  Marine x3  
  145  16:26  Marine x2  
  145  16:28  Siege Tank  
  145  16:32  Marine x3  
  147  16:33  Marine  
  142  16:41  Viking  
  142  16:42  SCV x2, Marine x3  
  142  16:44  Marine x2  
  149  16:50  Marine x4  
  153  16:56  Orbital Command  
  153  16:58  Supply Depot  
  153  17:00  Marine  
  154  17:05  Terran Infantry Armor Level 3, Marine x4  
  158  17:16  Marine x2  
  158  17:17  SCV, Marine x2  
  158  17:18  SCV, Marine  
  165  17:23  Marine  
  165  17:28  Siege Tank  
  169  17:31  Marine x3  
  175  17:37  Siege Tank  
  175  17:40  Planetary Fortress  
  173  17:54  Marine x3  
  173  17:55  SCV  
  173  17:56  Marine x3  
  173  17:58  SCV x2, Marine  
  182  17:59  Marine x2  
  182  18:00  Siege Tank  
  182  18:03  Medivac  
  187  18:11  Marine  
  187  18:12  Marine  
  189  18:13  Marine  
  189  18:14  Siege Tank, Marine x3  
  189  18:18  SCV x2, Marine x2  
  200  18:23  Planetary Fortress  
  181  18:28  Medivac, Marine  
  181  18:29  Marine x2  
  181  18:31  Marine  
  178  18:35  Marine x3  
  178  18:36  SCV, Siege Tank  
  178  18:37  SCV  
  178  18:38  SCV  
  178  18:39  SCV  
  188  18:43  Refinery, Marine  
  188  18:44  Refinery  
  172  18:55  Siege Tank, Marine  
  172  18:56  Marine x2  
  172  18:59  Marine x3  
  172  19:01  Marine x2  
  180  19:03  Marine  
  180  19:08  Siege Tank  
  184  19:13  Marine  
  183  19:19  Marine x4  
  181  19:24  Marine  
  181  19:25  Marine x3  
  181  19:28  Siege Tank  
  188  19:31  Marine  
  188  19:37  Marine x3  
  192  19:40  Siege Tank  
  192  19:43  Marine x2  
  197  19:48  Marine x3  
  197  19:49  Marine  
  189  19:54  Marine x2  
  189  19:55  Marine  
  188  20:00  Siege Tank  
  188  20:01  Marine x2  
  188  20:06  Marine x3  
  196  20:07  Marine  
  196  20:11  SCV x3  
  199  20:15  Command Center  
  199  20:19  Marine  
  189  20:23  Marine x3  
  189  20:24  Siege Tank  
  192  20:30  Marine  
  192  20:31  Marine  
  192  20:32  Medivac, Siege Tank  
  192  20:34  Marine x2  
  190  20:42  Marine x4  
  190  20:47  Marine  
  190  20:48  Marine  
  165  20:51  Marine  
  165  20:52  Marine x2  
  165  20:56  Siege Tank  
  167  21:00  Marine x3  
  167  21:01  Marine  
  146  21:04  Siege Tank, Marine  
  146  21:06  Marine  
  146  21:08  Marine  
  146  21:10  Marine x2  
  129  21:18  Marine x4  
  121  21:20  SCV  
  121  21:22  Marine  
Show
View Real Time Build Order
Export as new Build Order

Semper Terran - Winner!

Build Orders:  

Get SALT Encoding   

  12  0:00  SCV  
  13  0:12  SCV  
  14  0:17  Supply Depot  
  14  0:24  SCV  
  15  0:38  SCV  
  15  0:40  Barracks  
  16  0:43  Refinery  
  16  0:50  SCV  
  16  0:52  Refinery  
  17  1:03  SCV  
  18  1:15  SCV  
  19  1:27  Reaper, Orbital Command  
  19  1:30  Supply Depot  
  20  1:42  Factory  
  20  1:52  SCV  
  21  1:59  Reaper  
  22  2:05  SCV  
  23  2:17  SCV  
  23  2:22  Command Center  
  24  2:27  Hellion  
  24  2:29  SCV  
  27  2:32  Reaper  
  28  2:37  Supply Depot  
  28  2:43  SCV  
  29  2:48  Hellion  
  31  2:57  Starport  
  31  2:59  SCV  
  32  3:06  Barracks Reactor  
  32  3:11  SCV  
  32  3:12  Factory Tech Lab  
  33  3:21  Refinery  
  33  3:23  SCV  
  34  3:35  Cyclone  
  37  3:41  SCV  
  38  3:54  Marine x2  
  34  4:10  Starport Tech Lab, Orbital Command  
  34  4:11  SCV  
  34  4:12  Marine x2  
  34  4:13  Command Center  
  34  4:16  Cyclone  
  40  4:23  SCV  
  41  4:30  Raven  
  43  4:31  Marine x2  
  43  4:35  SCV  
  43  4:37  SCV  
  46  4:46  Supply Depot  
  46  4:47  SCV  
  46  4:49  SCV, Siege Tank  
  46  4:51  Marine  
  52  4:58  Supply Depot  
  52  4:59  SCV  
  53  5:01  SCV  
  54  5:11  SCV  
  54  5:13  SCV, Raven  
  54  5:14  Marine x2  
  60  5:23  SCV, Siege Tank  
  60  5:25  Supply Depot  
  60  5:27  Orbital Command  
  60  5:28  SCV  
  65  5:32  Marine x2  
  67  5:36  SCV  
  67  5:39  Supply Depot  
  68  5:43  SCV  
  68  5:44  Supply Depot  
  69  5:50  SCV  
  69  5:51  Supply Depot  
  69  5:54  Orbital Command  
  69  5:56  SCV  
  71  5:59  Barracks  
  71  6:01  Barracks  
  71  6:05  Viking  
  71  6:06  Viking  
  71  6:07  SCV  
  71  6:09  SCV  
  77  6:15  Refinery  
  77  6:19  Engineering Bay  
  77  6:20  Engineering Bay  
  77  6:27  Siege Tank  
  80  6:39  Viking x2  
  84  6:41  SCV  
  84  6:53  SCV  
  85  6:59  Siege Tank  
  85  7:01  SCV  
  88  7:12  SCV x2  
  90  7:17  Viking  
  90  7:18  Viking  
  85  7:26  SCV x2  
  87  7:31  Siege Tank  
  87  7:33  SCV  
  87  7:34  Barracks Reactor x2, Terran Infantry Weapons Level 1  
  91  7:38  SCV, Barracks  
  91  7:39  Barracks  
  91  7:47  Viking  
  91  7:48  Viking  
  88  8:11  Siege Tank  
  88  8:12  Marine x5  
  96  8:17  Command Center, Viking  
  96  8:18  Viking  
  100  8:23  SCV  
  101  8:30  Marine  
  93  8:38  Marine x2  
  90  8:41  Marine  
  90  8:42  Barracks Reactor x2  
  90  8:43  Siege Tank  
  90  8:45  SCV  
  95  8:53  Marine x2  
  97  8:56  Marine  
  97  8:58  Stimpack  
  97  8:59  SCV  
  99  9:06  Marine x2  
  99  9:09  Barracks Tech Lab, Terran Infantry Armor Level 1  
  98  9:10  SCV  
  98  9:11  Marine x2  
  98  9:12  SCV, Armory  
  102  9:18  Supply Depot x2  
  102  9:20  Supply Depot  
  102  9:23  Marine x2  
  102  9:24  Medivac  
  106  9:26  Marine  
  106  9:27  Combat Shield, Marine x2  
  109  9:40  Medivac, Marine  
  109  9:41  Marine x4  
  116  9:46  Orbital Command  
  116  9:49  Refinery  
  116  9:50  Refinery  
  115  9:54  Siege Tank  
  115  9:58  Marine x2  
  115  9:59  Factory  
  120  10:08  Marine x2  
  120  10:10  Marine  
  120  10:11  Marine  
  123  10:17  Marine  
  123  10:18  Marine  
  123  10:19  Marine  
  123  10:20  Marine  
  124  10:25  SCV x2  
  124  10:26  Siege Tank  
  129  10:30  Marine x2  
  129  10:31  Marine  
  129  10:35  SCV  
  131  10:37  SCV  
  131  10:39  Command Center  
  128  10:51  Marine  
  128  10:57  Medivac  
  131  10:58  Siege Tank  
  131  11:00  Marine  
  135  11:05  Marine x6  
  135  11:07  Factory Tech Lab  
  135  11:09  Marine  
  135  11:26  Marine  
  136  11:33  Siege Tank  
  136  11:39  Marine x2  
  134  11:40  Marine x5  
  134  11:41  Siege Tank  
  134  11:43  Marine  
  132  11:50  Medivac  
  132  11:51  Medivac  
  123  11:55  Planetary Fortress  
  123  11:57  SCV x2, Marine x7  
  123  11:59  Terran Infantry Weapons Level 2, Sensor Tower  
  123  12:00  Sensor Tower  
  132  12:01  Marine  
  132  12:05  Siege Tank  
  132  12:07  SCV  
  137  12:09  SCV x2  
  137  12:15  Marine x4  
  140  12:21  Terran Infantry Armor Level 2  
  140  12:26  Siege Tank  
  143  12:33  Marine x7  
  143  12:34  Medivac  
  151  12:37  SCV x2  
  151  12:39  Missile Turret  
  151  12:42  SCV  
  154  12:49  Siege Tank  
  157  12:52  Terran Vehicle Weapons Level 1  
  157  12:57  Starport  
  155  12:58  Starport  
  155  12:59  Supply Depot x2  
  155  13:03  Marine  
  154  13:14  Siege Tank  
  154  13:15  Marine x4  
  154  13:16  Marine x3  
  164  13:20  Viking x2  
  164  13:21  Marine  
  164  13:24  Supply Depot  
  169  13:30  Missile Turret  
  169  13:31  Siege Tank  
  169  13:32  Bunker  
  169  13:33  Marine x3  
  174  13:42  Marine  
  174  13:43  SCV  
  174  13:48  SCV x2  
  178  13:49  Viking x2  
  178  13:55  SCV  
  181  13:56  Refinery  
  181  13:57  Refinery  
  174  14:02  Viking  
  174  14:05  Fusion Core  
  172  14:12  Supply Depot x2  
  172  14:13  SCV  
  169  14:24  Liberator x2  
  172  14:25  Siege Tank  
  172  14:31  Marine x2  
  183  14:38  Siege Tank, Marine  
  183  14:39  Marine  
  183  14:40  Marine x4  
  182  14:47  SCV  
  182  14:48  SCV  
  177  14:53  SCV  
  177  14:57  Siege Tank  
  174  15:04  Command Center  
  173  15:09  Terran Infantry Weapons Level 3  
  173  15:11  Command Center  
  173  15:12  Starport Reactor x2  
  169  15:23  Terran Infantry Armor Level 3  
  169  15:25  Siege Tank  
  169  15:27  Viking  
  169  15:29  Siege Tank  
  170  15:41  Marine x2  
  153  15:50  Marine x2  
  153  15:52  Marine  
  150  15:58  Siege Tank, Marine  
  150  16:01  Siege Tank  
  146  16:06  Marine  
  146  16:07  Marine x3  
  146  16:08  Marine x2  
  146  16:09  Advanced Ballistics, Missile Turret, Viking  
  146  16:10  Viking, Marine  
  146  16:11  Missile Turret, Viking  
  157  16:30  Siege Tank  
  159  16:33  Siege Tank  
  159  16:34  Viking x2  
  159  16:38  Liberator  
  159  16:39  Liberator  
  160  16:40  Viking, Marine  
  160  16:41  Viking  
  163  16:53  Marine x7  
  170  16:56  SCV  
  170  16:57  Supply Depot  
  170  16:58  Marine  
  172  17:04  Viking x2  
  176  17:11  Marine  
  176  17:13  Siege Tank  
  176  17:14  Command Center  
  180  17:18  Marine  
  180  17:20  Liberator  
  184  17:23  SCV x3  
  184  17:24  SCV  
  184  17:39  Siege Tank  
  184  17:42  Marine x3  
  190  17:49  Siege Tank  
  193  17:58  Missile Turret  
  192  17:59  Missile Turret  
  192  18:04  Marine  
  193  18:16  Supply Depot  
  193  18:19  Supply Depot  
  188  18:20  Refinery  
  188  18:25  Terran Ship Weapons Level 1  
  188  18:27  Siege Tank  
  188  18:28  Siege Tank  
  188  18:35  Liberator x2, SCV  
  188  18:37  SCV  
  188  18:40  Missile Turret, Medivac, Viking  
  190  19:03  Liberator, Viking  
  195  19:13  Marine x3  
  195  19:14  Liberator  
  195  19:15  Marine  
  195  19:19  Command Center  
  195  19:21  Marine x4  
  195  19:24  SCV  
  200  19:38  Siege Tank  
  200  19:47  Refinery  
  198  20:12  Marine x2  
  194  20:40  Sensor Tower  
  194  20:41  Missile Turret  
  194  20:42  Missile Turret  
  194  20:43  Siege Tank  
  175  20:52  Siege Tank, Marine  
  175  20:56  Marine  
  180  21:00  Marine  
  180  21:02  Marine  
  180  21:03  Marine  
  183  21:12  Marine x2  
  183  21:16  SCV x2  
  188  21:18  Marine  

Tags
 
Add a new tag
Caveats
  • Supply blocks, unpowered buildings, or Contaminate may cause inaccurate times.
  • Supply counts are checked every 10 seconds.